 Dungeon Crawl Stone Soup version 0.30-a0-883-g5ad918d77d (webtiles) character file.

Game seed: 14788793651683891664

6829 cheesebisquit the Cleaver (level 10, -5/91 HPs)
             Began as a Minotaur Fighter on Mar 17, 2023.
             Was a Follower of Qazlal.
             Slain by an orc warrior
             ... wielding a +0 war axe
              (15 damage)
             ... in a bailey.
             The game lasted 00:28:02 (8140 turns).

cheesebisquit the Cleaver (Minotaur Fighter)        Turns: 8140, Time: 00:28:03

Health: -5/91      AC: 16    Str: 25    XL:     10   Next: 77%
Magic:  11/11      EV:  8    Int:  5    God:    Qazlal [*.....]
Gold:   345        SH:  9    Dex: 10    Spells: 9/9 levels left

rFire   . . .      SeeInvis .    a - +2 war axe
rCold   . . .      Faith    .    c - +1 buckler
rNeg    . . .      Spirit   .    l - +1 plate armour
rPois   .          Reflect  .    (helmet restricted)
rElec   .          Rampage  .    G - +0 cloak
rCorr   +                        (no gloves)
Will    .....                    (no boots) Stlth
                                 (no amulet)
HPRegen 0.35/turn                q - ring of resist corrosion
MPRegen 0.12/turn                (no ring)

@: hasted, very quick
A: horns 2, retaliatory headbutt
a: Renounce Religion


You were in a bailey.
You worshipped Qazlal.
Qazlal was aware of your devotion.
You visited 2 branches of the dungeon, and saw 10 of its levels.
You also visited: Bailey.

You collected 501 gold pieces.
You spent 156 gold pieces at shops.

Inventory:

Hand Weapons
 a - a +2 war axe (weapon)
 m - a +0 morningstar
Missiles
 r - 2 silver boomerangs (quivered)
 I - 7 boomerangs
Armour
 c - a +1 buckler (worn)
 l - a +1 plate armour (worn)
 G - a +0 cloak (worn)
Jewellery
 q - a ring of resist corrosion (left hand)
 s - a ring of flight
 u - an amulet of faith
 v - a ring of magical power
 D - an amulet of the acrobat
Wands
 b - a wand of flame (9)
 g - a wand of digging (4)
 y - a wand of polymorph (9)
 H - a wand of paralysis (3)
Scrolls
 e - a scroll of magic mapping {unknown}
 f - a scroll of noise
 o - 2 scrolls of fear
 t - 2 scrolls of amnesia
 z - 2 scrolls of blinking
 E - a scroll of teleportation
 F - 2 scrolls of fog {unknown}
Potions
 h - 3 potions of brilliance
 i - a potion of flight
 j - 9 potions of curing
 k - 3 potions of heal wounds
 n - 4 potions of haste
 p - a potion of lignification {unknown}
 x - 2 potions of attraction {unknown}
 B - 2 potions of degeneration {unknown}
 C - 2 potions of mutation {unknown}


   Skills:
 + Level 9.3 Fighting
 * Level 12.2 Axes
 + Level 9.3 Armour
 + Level 3.2 Dodging
 + Level 9.3 Shields
 + Level 2.9 Invocations


You had 9 spell levels left.
You didn't know any spells.
Your spell library contained the following spells:

 Spells                   Type           Power      Damage    Failure   Level
 Freeze                   Ice            0%         1d3       100%        1
 Sandblast                Erth           0%         2d4       100%        1
 Cigotuvi's Dreadful Rot  Necr/Pois/Air  0%         N/A       100%        2
 Ensorcelled Hibernation  Hex/Ice        0%         N/A       100%        2
 Passwall                 Tmut/Erth      0%         N/A       100%        2
 Frozen Ramparts          Ice            0%         1d1       100%        3
 Hailstorm                Conj/Ice       0%         3d3       100%        3
 Stone Arrow              Conj/Erth      0%         3d7       100%        3
 Swiftness                Air            0%         N/A       100%        3
 Dispel Undead            Necr           0%         3d6       100%        4
 Death Channel            Necr           0%         N/A       100%        6


Dungeon Overview and Level Annotations

Branches:
Dungeon (9/15)             Temple (1/1) D:7          Bailey (1/1)
   Lair: D:8-11         Orc: D:9-12

Altars:
Ashenzari
Cheibriados
Dithmenos
Elyvilon
Fedhas
Gozag
Hepliaklqana
Kikubaaqudgha
Makhleb
Nemelex Xobeh
Okawaru
Qazlal
Ru
Sif Muna
Trog
Uskayaw
Vehumet
Wu Jian
Xom
Yredelemnul
Zin
The Shining One

Shops:
D:4 *   D:5 (

Annotations:
D:3 1 runed translucent door, Crazy Yiuf


Innate Abilities, Weirdness & Mutations

You have a pair of horns on your head.
You reflexively headbutt those who attack you in melee.


Message History

Your headbutt misses the orc warrior.
The orc warrior is almost dead.
You hit the orc warlord but do no damage.
The orc warrior hits you but does no damage.
The orc warlord hits you with a +4 battleaxe.
You slice the orc warrior!!
You kill the orc warrior!
Qazlal accepts your kill.
You barely miss the orc warlord.
The orc warlord is struck by lightning.
The orc warlord roars a battlecry!
The orc warrior goes into a battle-frenzy!
You slice the orc warrior!! Your headbutt misses the orc warrior.
The orc warrior is severely wounded.
You barely miss the orc warlord.
The orc warrior hits you but does no damage.
The orc warlord hits you with a +4 battleaxe!
You slash the orc warrior! You headbutt the orc warrior.
You kill the orc warrior!
Qazlal accepts your kill.
You barely miss the orc warlord.
The orc warlord hits you with a +4 battleaxe!
* * * LOW HITPOINT WARNING * * *
You hit the orc warrior.
The orc warrior is lightly wounded.
You hit the orc warlord but do no damage.
The orc warlord closely misses you. You furiously retaliate!
You headbutt the orc warlord!
The orc warrior hits you with a +0 war axe.
* * * LOW HITPOINT WARNING * * *
You hit the orc warrior but do no damage.
The orc warrior is lightly wounded.
You slash the orc warlord!
The orc warlord hits you with a +4 battleaxe!
* * * LOW HITPOINT WARNING * * *
You block the orc warrior's attack.
It was a potion of haste.
You feel yourself speed up.
The orc warlord roars a battlecry!
The orc goes into a battle-frenzy!
The orc warrior hits you with a +0 war axe!
You die... ## .....###.........## # .....##8..........# # ......#8..........# # .o....'.....⌠....∩# # ......#8..........# # o.o.o

#8.(........# # ...o
###..(......## .##
...###.###ooo..###
...##
.###.....#@#.###
...g.###.......))###
.....g#...........#
......#...........#
⌠.....#.....⌠.....#
......'...........#
......#...........#
.....###.........##
...## ###.....###


You could see an orc warlord, an orc warrior (strong) and an orc (strong).

Vanquished Creatures
  A two-headed ogre (D:9)
  An orc knight (Bailey)
  Sigmund (D:3)
  11 yaks
  2 steam dragons (D:8)
  2 black bears (D:7)
  2 ice beasts
  17 orc warriors
  3 phantoms
  3 centaurs
  Blork the orc (D:4)
  A scorpion (D:7)
  2 bullfrogs
  3 wights (D:8)
  3 killer bees (D:7)
  3 howler monkeys (D:8)
  3 jellies
  2 hounds (D:6)
  An orc priest (D:7)
  Ijyb (D:3)
  A sleepcap (D:8)
  3 iguanas
  5 orc wizards
  10 adders
  2 gnolls (Bailey)
  3 white imps
  An ufetubus (D:5)
  30 orcs
  9 ball pythons
  11 endoplasms
  3 giant cockroaches
  28 goblins
  11 hobgoblins
  2 jackals (D:4)
  3 quokkas
  6 bats
  5 frilled lizards
  9 kobolds
  5 rats
210 creatures vanquished.

Vanquished Creatures (others)
  2 plants (D:4)
2 creatures vanquished.

Grand Total: 212 creatures vanquished

Notes
Turn   | Place    | Note
-------+----------+-------------------------------------------
     0 | D:1      | cheesebisquit the Minotaur Fighter began the quest for the
                  | Orb.
     0 | D:1      | Reached XP level 1. HP: 19/19 MP: 0/0
   142 | D:1      | Reached XP level 2. HP: 27/27 MP: 1/1
   295 | D:1      | Reached skill level 3 in Axes
  1065 | D:2      | You fall into a shaft and drop 2 floors!
  1067 | D:4      | Noticed Blork the orc
  1204 | D:2      | Reached XP level 3. HP: 33/33 MP: 2/2
  2043 | D:3      | Noticed Ijyb
  2050 | D:3      | Killed Ijyb
  2051 | D:3      | Reached XP level 4. HP: 36/40 MP: 3/3
  2075 | D:3      | Reached skill level 4 in Axes
  2090 | D:3      | Found an opulent altar of Gozag.
  2209 | D:3      | Found a blossoming altar of Fedhas.
  2212 | D:3      | Found an ancient bone altar of Kikubaaqudgha.
  2287 | D:3      | Noticed an ice beast
  2300 | D:3      | Killed an ice beast
  2301 | D:3      | Reached XP level 5. HP: 29/47 MP: 4/4
  2531 | D:3      | Reached skill level 5 in Axes
  2555 | D:3      | Noticed Sigmund
  2566 | D:3      | Killed Sigmund
  2567 | D:3      | Reached skill level 5 in Fighting
  2567 | D:3      | Reached skill level 5 in Armour
  2567 | D:3      | Reached skill level 5 in Shields
  2567 | D:3      | Reached XP level 6. HP: 42/56 MP: 5/5
  2697 | D:3      | Found a runed translucent door.
  2698 | D:3      | Noticed Crazy Yiuf
  3300 | D:4      | Found an iron altar of Okawaru.
  3345 | D:4      | Reached skill level 6 in Axes
  3447 | D:4      | Reached XP level 7. HP: 61/61 MP: 6/6
  3779 | D:4      | Killed Blork the orc
  3801 | D:4      | Found Usex's Assorted Antiques.
  3809 | D:4      | Bought a scroll of identify for 54 gold pieces
  3809 | D:4      | Bought a scroll labelled DITAH TUIRCH for 27 gold pieces
  3809 | D:4      | Bought a scroll labelled DITAH TUIRCH for 27 gold pieces
  3809 | D:4      | Bought 2 grey potions for 48 gold pieces
  3844 | D:5      | Entered Level 5 of the Dungeon
  3856 | D:5      | Found Fam Qori's Weapon Emporium.
  4289 | D:5      | Found a shimmering blue altar of Sif Muna.
  4370 | D:6      | Reached skill level 7 in Axes
  4601 | D:6      | Found a glowing golden altar of the Shining One.
  4617 | D:6      | Reached XP level 8. HP: 63/70 MP: 7/7
  5221 | D:7      | Reached skill level 8 in Axes
  5308 | D:7      | Found a staircase to the Ecumenical Temple.
  5318 | Temple   | Entered the Ecumenical Temple
  5988 | D:7      | Found a basalt altar of Yredelemnul.
  5988 | D:7      | Found a sacrificial altar of Ru.
  5989 | D:7      | Found a stormy altar of Qazlal.
  6031 | D:7      | Became a worshipper of Qazlal Stormbringer
  6190 | D:7      | Reached skill level 9 in Axes
  6530 | D:8      | Reached XP level 9. HP: 79/79 MP: 8/8
  6561 | D:8      | Reached skill level 10 in Axes
  7053 | D:8      | Found an ornate altar of the Wu Jian Council.
  7057 | D:8      | Found a burning altar of Makhleb.
  7062 | D:8      | Found a hide-covered altar of Uskayaw.
  7230 | D:8      | Reached skill level 11 in Axes
  7485 | D:9      | Reached XP level 10. HP: 58/90 MP: 9/9
  7492 | D:9      | Reached skill level 1 in Dodging
  7492 | D:9      | Reached skill level 1 in Invocations
  7654 | D:9      | Noticed a two-headed ogre
  7660 | D:9      | Killed a two-headed ogre
  7678 | D:9      | Found a flagged portal.
  7708 | Bailey   | Entered a bailey
  7786 | Bailey   | Reached * piety under Qazlal
  7826 | Bailey   | Noticed an orc knight
  7848 | Bailey   | Killed an orc knight
  7894 | Bailey   | Reached skill level 12 in Axes
  8112 | Bailey   | Noticed an orc warlord
  8140 | Bailey   | Slain by an orc warrior

Illustrated notes

Levels and vault maps discovered:
D:1:      shiori_shiawase, layout_basic, minmay_crystal_room
D:2:      minmay_general_purpose_star, layout_basic, minmay_vboxes
D:3:      layout_basic, grunt_temple_overflow_growth_and_decay,
          old_standard_altar, cheibrodos_sewer_entry_sluice,
          hangedman_decor_diamond_cutter, nicolae_half_adder,
          uniq_crazy_yiuf_cottage, uniq_ijyb, uniq_sigmund
D:4:      layout_cave_pools, mainiacjoe_overflow_cross_hatched, serial_shops,
          nicolae_shop_advertising_works [nicolae_subvault_shop_adworks],
          serial_bayou_ford_a, uniq_blork_the_orc
D:5:      layout_rooms, tgw_sif, serial_shops, shop
D:6:      layout_basic, mainiacjoe_overflow_small_starburst
D:7:      layout_rooms, gammafunk_temple_overflow_claw,
          minmay_temple_entry_glass, hangedman_decor_riveting, minivault_24
D:8:      layout_basic, minitemple
D:9:      layout_loops_cross, enter_bailey_5
Temple:   jpeg_temple_alley_garden
Bailey:   bailey_axe_minmay_hex_keep, bailey

Skill      XL: |  1  2  3  4  5  6  7  8  9 10 |
---------------+-------------------------------+-----
Axes           | 3 4 5 6 7 9 11 12 | 12.2
Fighting       | 4 5 6 7 8 9 |  9.3
Armour         | 4 5 6 7 8 9 |  9.3
Shields        | 4 5 6 7 8 9 |  9.3
Dodging        | 3 |  3.2
Invocations    | 2 |  2.9

Action                     |  1- 3 |  4- 6 |  7- 9 | 10-12 || total
---------------------------+-------+-------+-------+-------++-------
  Melee: War axe           |   130 |    78 |   199 |   126 ||   533
         Headbutt          |    13 |    11 |    29 |    18 ||    71
         Morningstar       |     3 |       |       |       ||     3
  Throw: Throwing net      |     2 |     1 |       |       ||     3
         Dart              |       |    20 |    44 |    17 ||    81
         Boomerang         |       |    30 |    64 |     8 ||   102
  Evoke: Wand              |       |       |     5 |       ||     5
    Use: Scroll            |     7 |     4 |     3 |     1 ||    15
         Potion            |     1 |       |       |     5 ||     6
   Stab: Invisible         |       |       |       |     4 ||     4
 Armour: Scale mail        |    30 |       |       |       ||    30
         Plate armour      |    57 |    47 |   134 |    35 ||   273
  Dodge: Dodged            |    36 |    27 |    57 |    20 ||   140
  Block: Buckler           |    26 |    16 |    49 |    37 ||   128

Table legend: (Time is in decaauts)
 A = Elapsed time spent in this place.
 B = Non-inter-level travel time spent in this place.
 C = Inter-level travel time spent in this place.
 D = Time resting spent in this place.
 E = Time spent auto-exploring this place.
 F = Levels seen in this place.
 G = Mean time per level.
                   A        B        C        D        E       F      G
               +--------+--------+--------+--------+--------+-----+--------+
         Total |   8260 |   7877 |    383 |    306 |   5988 |  11 |  750.9 |
       Dungeon |   7601 |   7270 |    331 |    306 |   5573 |   9 |  844.6 |
        Temple |    232 |    180 |     52 |      0 |    174 |   1 |  232.0 |
        Bailey |    426 |    426 |      0 |      0 |    241 |   1 |  426.0 |
               +--------+--------+--------+--------+--------+-----+--------+

Top non-repeatable levels by time:
     D:7: 1212 daAuts
     D:3: 1182 daAuts
     D:2: 1054 daAuts
     D:8: 973 daAuts
     D:1: 954 daAuts
     D:4: 786 daAuts
     D:6: 734 daAuts
     D:5: 493 daAuts
  Bailey: 426 daAuts
  Temple: 232 daAuts
     D:9: 209 daAuts
